 Dungeon Crawl Stone Soup version 0.18-a0-1577-gf591c28 (webtiles) character file.

9 Duffy the Chopper (level 2, 22/22 HPs)
             Began as a Demonspawn Gladiator on Mar 17, 2016.
             Quit the game on level 1 of the Dungeon.
             The game lasted 00:00:27 (253 turns).

Duffy the Chopper (Demonspawn Gladiator)             Turns: 253, Time: 00:00:27

Health: 22/22      AC:  4    Str: 15    XL:     2   Next: 3%
Magic:  2/2        EV: 12    Int:  9    God:
Gold:   63         SH:  0    Dex: 13    Spells: 0 memorised, 1 level left

rFire  . . .     SeeInvis .     a - +0 war axe
rCold  . . .     Gourm    .     b - +0 leather armour
rNeg   . . .     Faith    .     (no shield)
rPois  .         Spirit   .     c - +0 helmet
rElec  .         Dismiss  .     (no cloak)
rCorr  .         Reflect  .     (no gloves)
SustAt .         Harm     .     (no boots)
MR     .....                    (no amulet)
Stlth  +.........               (no ring)
                                (no ring)

@: not resistant to hostile enchantments, very unstealthy
A: spiny 1
a: no special abilities


You were on level 1 of the Dungeon.
You were not hungry.

You visited 1 branch of the dungeon, and saw 1 of its levels.

You collected 63 gold pieces.


Innate Abilities, Weirdness & Mutations

You are partially covered in sharp spines.


   Skills:
 - Level 2.0 Fighting
 + Level 3.2 Axes
 - Level 1.7 Throwing
 - Level 2.6 Dodging


You had one spell level left.
You didn't know any spells.

Inventory:

Hand Weapons
 a - a +0 war axe (weapon)
Missiles
 d - 3 throwing nets (quivered)
 j - 9 poisoned needles
Armour
 b - a +0 leather armour (worn)
 c - a +0 helmet (worn)
Scrolls
 e - 2 scrolls of fog {unknown}
 g - a scroll of remove curse {unknown}
 h - a scroll of enchant armour {unknown}
Potions
 i - a potion of cancellation {unknown}
Comestibles
 f - a bread ration

Dungeon Overview and Level Annotations

Branches:
Dungeon (1/15)

Altars:
Ashenzari


Message History

The goblin hits you with a dagger.
You hit the goblin but do no damage. The goblin closely misses you.
You slash the goblin!
You kill the goblin!
You completely miss the kobold. The kobold hits you but does no damage.
You hit the kobold.
The kobold is moderately wounded.
The kobold barely misses you.
You closely miss the kobold.
The kobold is moderately wounded.
The kobold barely misses you. x2
You hit the kobold.
You kill the kobold!
You have reached level 2!
Your demonic ancestry asserts itself...
Sharp spines emerge from parts of your body.
Things that are here:
a dagger; a goblin corpse You now have 63 gold pieces (gained 11).
You see here a club.
As you open the door, it creaks loudly!
A rat comes into view.
Found a dagger.
Found a shattered altar of Ashenzari.
Found 56 stones and 19 gold pieces.
There is an open door here.
You closely miss the rat. The rat bites you but does no damage.
The rat barely misses you.
You barely miss the rat. The rat is struck by your spines.
You kill the rat!
A hobgoblin comes into view. It is wielding a club.
The hobgoblin shouts!
You see here a rat corpse.
Found a glowing granite ring, a cloak and 6 gold pieces.
There is a shattered altar of Ashenzari here.
Are you sure you want to abandon this character and quit the game? (Confirm with "yes".)

#..###......#%....# #
...........#.....#.... #
...........##...##.... #
#.####..)...#...#..[..
### # #..)...##.##.....
#~~ ####....#g#....# #~~
###.'####.# ###~~
...###%.(###....# #...0
......#.@.#........##.8.0
....###...###........(...
.. .#####. ##.....
....#l#.... ##....
.....##.# ).... ##...
..$.. =(. .$... ##..
....# ... .... #.. ....
... .... #.# .#####.#


You could see a hobgoblin and a giant newt.

Action                   || total
-------------------------++-------
Melee: War axe           ||    18

Notes
Turn   | Place    | Note
--------------------------------------------------------------
     0 | D:1      | Duffy the Demonspawn Gladiator began the quest for the Orb.
     0 | D:1      | Reached XP level 1. HP: 16/16 MP: 1/1
   115 | D:1      | Reached skill level 3 in Axes
   240 | D:1      | Gained mutation: You are partially covered in sharp spines. [demonic ancestry]
   240 | D:1      | Reached XP level 2. HP: 22/22 MP: 2/2
   247 | D:1      | Found a shattered altar of Ashenzari.
   253 | D:1      | Quit the game

Vault maps used:
D:1:      grunt_arrival_lava_bath, nicolae_ashenzari_panopticon

Vanquished Creatures
  A giant gecko
  A bat
  A hobgoblin
  A kobold
  A giant newt
  A goblin
  2 rats
8 creatures vanquished.
